 Dungeon Crawl Stone Soup version 0.31-a0-699-g830162fb6c (webtiles) character file.

Game seed: 13933425752652036363

53 qw the Shooter (level 3, -4/22 HPs)
             Began as a Gargoyle Hunter on Sept 7, 2023.
             Slain by Sigmund
             ... wielding a +0 scythe
              (8 damage)
             ... on level 2 of the Dungeon.
             The game lasted 00:00:29 (900 turns).

qw the Shooter (Gargoyle Hunter)                     Turns: 900, Time: 00:00:30

Health: -4/22      AC:  8    Str: 14    XL:     3   Next: 89%
Magic:  3/3        EV: 11    Int:  9    God:
Gold:   97         SH:  0    Dex: 21    Spells: 2/2 levels left

rFire   . . .        Y - +0 shortbow
rCold   . . .        (shield currently unavailable)
rNeg    + . .        f - +0 ring mail
rPois   inf          (no helmet)
rElec   +            (no cloak)
rCorr   .            (no gloves)
SInv    .            (no boots)
Will    .....        (no amulet)
Stlth   +            e - +6 ring of dexterity
HPRegen 0.23/turn    (no ring)
MPRegen 0.08/turn

%: no passive effects
@: no status effects
A: sickness immunity, AC +3, negative energy resistance 1, electricity
resistance, torment resistance 1, petrification resistance
a: no special abilities


You were on level 2 of the Dungeon.
You visited 1 branch of the dungeon, and saw 2 of its levels.

You collected 97 gold pieces.


Innate Abilities, Weirdness & Mutations

You are immune to sickness and miasma.
Your stone body is resilient. (AC +3)
You are immune to poison.
You resist negative energy. (rN+)
You are resistant to electric shocks. (rElec)
You are resistant to unholy torment.
You are immune to petrification.


   Skills:
 + Level 2.8 Fighting
 - Level 5.0 Ranged Weapons
 - Level 1.0 Armour
 - Level 1.5 Dodging
 - Level 1.1 Stealth


You had 2 spell levels left.
You didn't know any spells.
Your spell library was empty.

Inventory:

Hand Weapons
 Y - a +0 shortbow (weapon)
Armour
 f - a +0 ring mail (worn)
Jewellery
 e - a +6 ring of dexterity (left hand)
Scrolls
 a - a scroll of teleportation
Potions
 b - a potion of brilliance {unknown}

Dungeon Overview and Level Annotations

Branches:
Dungeon (2/15)

Altars:

Annotations:
D:2 Sigmund


Message History

The arrow hits the jackal but does no damage.
The jackal is almost dead.
The jackal bites you. The jackal completely misses you.
You shoot an arrow. The arrow closely misses the jackal.
The jackal barely misses you.
You shoot an arrow. The arrow hits the jackal.
You kill the jackal!
You see here a jackal corpse.
Things that are here:
a jackal corpse; a jackal corpse You see here a jackal corpse.
A quokka comes into view.
You shoot an arrow. The arrow hits the quokka!
You kill the quokka!
Found a stone staircase leading down.
A rat comes into view.
You shoot an arrow. The arrow hits the rat!
You kill the rat!
Sigmund the Dreaded comes into view.
He is wielding a +0 scythe.
You see here 12 gold pieces.
You shoot an arrow.
The arrow hits Sigmund but does no damage.
Sigmund shouts!
Sigmund mumbles some strange words.
Sigmund flickers and vanishes!
Deactivating autopickup; reactivate with Ctrl-A.
You shoot an arrow.
A magic dart appears from out of thin air!
The magic dart hits you!
You shoot an arrow. You shoot an arrow.
A puff of flame appears from out of thin air!
The puff of flame hits you.
You shoot an arrow.
A magic dart appears from out of thin air!
The magic dart hits you.
You shoot an arrow. You shoot an arrow. Something hits you!
You die...

### ##.## ######...##
#####
.......>..#####.@.####
######........#.#.{.....
#..............######
#.########.##### ## #.
#.# .# # #.# .# ... .# .
... .###.... #...#


There were no monsters in sight!

Vanquished Creatures
  A dart slug (D:1)
  3 endoplasms
  2 goblins (D:1)
  A hobgoblin (D:2)
  8 jackals
  5 quokkas
  7 ball pythons
  3 bats (D:1)
  7 frilled lizards
  3 kobolds (D:1)
  7 rats
47 creatures vanquished.

Notes
Turn   | Place    | Note
-------+----------+-------------------------------------------
     0 | D:1      | qw the Gargoyle Hunter began the quest for the Orb.
     0 | D:1      | Reached XP level 1. HP: 12/12 MP: 1/1
     0 | D:1      | 0 ||| qw: Version: 0.3-a-76-g4403597
     0 | D:1      | 0 ||| qw: Game counter: 426
     0 | D:1      | 0 ||| qw: Melee chars always use a shield: true
     0 | D:1      | 0 ||| qw: God list: Okawaru
     0 | D:1      | 0 ||| qw: Allow faded altars: false
     0 | D:1      | 0 ||| qw: Do Orc after clearing Dungeon:15 true
     0 | D:1      | 0 ||| qw: Do second Lair branch before Depths: true
     0 | D:1      | 0 ||| qw: Lair rune preference: random
     0 | D:1      | 0 ||| qw: Goals: Normal
     0 | D:1      | 0 ||| PLANNING D:1-11
    71 | D:1      | Reached XP level 2. HP: 17/17 MP: 2/2
   321 | D:1      | Reached XP level 3. HP: 21/21 MP: 3/3
   389 | D:1      | Reached skill level 5 in Ranged Weapons
   575 | D:1      | 575 ||| UPGRADING to +0 ring mail.
   585 | D:1      | 585 ||| DROPPING +0 leather armour.
   586 | D:1      | 586 ||| UPGRADING to +6 ring of dexterity.
   587 | D:1      | 587 ||| READING 2 scrolls labelled CEBAS SUJULAN.
   590 | D:1      | 590 ||| DROPPING scroll of butterflies.
   607 | D:2      | 607 ||| STAIRDANCE
   831 | D:2      | Reached skill level 1 in Armour
   893 | D:2      | Noticed Sigmund
   898 | D:2      | HP: 4/22 [something/magic dart (4)]
   900 | D:2      | Slain by Sigmund

Levels and vault maps discovered:
D:1:      ncdulo_halloftheorcs, layout_basic, minmay_hedge_maze,
          grunt_decor_resistance
D:2:      layout_loops_ring, uniq_sigmund

Skill      XL: |  1  2  3 |
---------------+----------+-----
Ranged Weapons | 5 |  5.0
Armour         | 1 |  1.0
Fighting       | |  2.8
Dodging        | |  1.5
Stealth        | |  1.1

Action                     || total
---------------------------++-------
   Fire: Shortbow          ||   140
    Use: Scroll            ||     1
 Armour: Leather armour    ||    24
         Ring mail         ||    25
  Dodge: Dodged            ||    36

Table legend:
 A = Non-vault XP
 B = Vault XP
 C = Vault XP percentage of total XP
 D = Non-vault monster count
 E = Vault monster count
 F = Vault count percentage of total count
                 A         B        C        D         E       F
            +---------+---------+-------+---------+---------+-------
      Total |      77 |       0 |   0.0 |      47 |       0 |   0.0
            +---------+---------+-------+---------+---------+-------
        D:1 |      54 |       0 |   0.0 |      34 |       0 |   0.0
        D:2 |      23 |       0 |   0.0 |      13 |       0 |   0.0
            +---------+---------+-------+---------+---------+-------
